cohdb
Replays
Latest Replays
All Replays
Popular Replays
Top Player Replays
Match Explorer
How It Works
Community
CoH3 Stats
Reddit
Sign in to upload your games and track your stats! →
Sign in with Steam
Match 47076055
Unlisted
Match 47076055
Overview
Messages
Build Orders
End
Selects Italian Combined Arms Battlegroup
Selects Bersaglieri Squad
Bersaglieri Squad
Kradschützen Motorcycle Team
Bersaglieri Squad
Bersaglieri Squad
Construct Light Support Kompanie
2.5-tonne Medical Truck
Fire Support Elements
Selects Bersaglieri Bolster
MG34 Team
Bersaglieri Squad
Flakvierling Half-track
Selects Breda Model 30 Light Machine Guns
Pak 38 Mechanized Group
Construct Panzerarmee Kommand
Armored Reserves
Selects Semovente da 75/18 Assault Gun
Selects Strafing Run
Strafing Run
Panzer IV Assault Group
Strafing Run
Panzerpioneer Squad
Panzer III L Medium Tank
Strafing Run
Selects Artillery Cover
Goeth.cl
Tony Horton Pro Skater
DrewP
Truax
0
0
Comments
sign in to comment!
No comments posted yet!